 Dungeon Crawl Stone Soup version 0.18.1-48-g4cf74bf (webtiles) character file.

90 atgrul the Firebug (level 4, -8/33 HPs)
             Began as a Demigod Fire Elementalist on July 22, 2016.
             Mangled by ThereIsNoGod's ghost (9 damage)
             ... on level 3 of the Dungeon.
             The game lasted 00:11:17 (3200 turns).

atgrul the Firebug (Demigod Fire Elementalist)      Turns: 3200, Time: 00:11:18

Health: -8/33      AC:  2    Str: 11    XL:     4   Next: 11%
Magic:  0/9        EV: 12    Int: 21    God:
Gold:   82         SH:  0    Dex: 16    Spells: 1 memorised, 5 levels left

rFire  . . .     SeeInvis .     q - +0 short sword (venom)
rCold  . . .     Gourm    .     a - +0 robe
rNeg   . . .     Faith    .     (no shield)
rPois  .         Spirit   .     (no helmet)
rElec  .         Dismiss  .     (no cloak)
rCorr  .         Reflect  .     (no gloves)
SustAt +         Harm     .     (no boots)
MR     .....                    (no amulet)
Stlth  ++........               (no ring)
                                (no ring)

@: very slightly contaminated, not resistant to hostile enchantments, unstealthy
A: high mp 1, sustain attributes
a: no special abilities


You were on level 3 of the Dungeon.
You were not hungry.

You visited 1 branch of the dungeon, and saw 3 of its levels.

You collected 82 gold pieces.

Inventory:

Hand Weapons
 q - a +0 short sword of venom (weapon)
Armour
 a - a +0 robe (worn)
 o - a +1 helmet of intelligence
Jewellery
 h - a +4 ring of intelligence {unknown}
 m - an uncursed ring of magical power {unknown}
 s - a cursed ring of loudness {unknown}
Scrolls
 d - a scroll of recharging {unknown}
 e - a scroll of blinking {unknown}
 g - 4 scrolls of identify {unknown}
 j - a scroll of remove curse {unknown}
 l - a scroll of immolation {unknown}
Potions
 c - a potion of resistance {unknown}
 f - a potion of brilliance {unknown}
 k - a potion of curing {unknown}
 p - a potion of degeneration {unknown}
 r - a potion of cancellation {unknown}
Books
 b - a book of Flames

   Spells                             Type                      Level
   a - Flame Tongue                   Conjuration/Fire             1
   b - Throw Flame                    Conjuration/Fire             2
   c - Conjure Flame                  Conjuration/Fire             3
   d - Inner Flame                    Hexes/Fire                   3
   e - Sticky Flame                   Conjuration/Fire             4
   f - Fireball                       Conjuration/Fire             5
Comestibles
 i - a meat ration
 n - a beef jerky


   Skills:
 - Level 1.7 Dodging
 - Level 1.7 Stealth
 - Level 1.7 Spellcasting
 - Level 0.8 Conjurations
 + Level 4.7 Fire Magic


You had 5 spell levels left.
You knew the following spells:

 Your Spells              Type           Power        Failure   Level  Hunger
a - Flame Tongue          Conj/Fire      ##...        6%          1    #......


Dungeon Overview and Level Annotations

Branches:
Dungeon (3/15)

Annotations:
D:3 ThereIsNoGod's ghost, weakling MiFi


Innate Abilities, Weirdness & Mutations

You have an increased reservoir of magic (+10% MP).
Your attributes are resistant to harm.


Message History

ThereIsNoGod's ghost is almost destroyed.
ThereIsNoGod's ghost closely misses you.
Casting: Flame Tongue
Confirm with . or Enter, or press ? or * to list all spells.
You don't have enough magic to cast that spell.
Unknown command.
You hit ThereIsNoGod's ghost but do no damage.
ThereIsNoGod's ghost is almost destroyed.
ThereIsNoGod's ghost hits you. x2
You barely miss ThereIsNoGod's ghost.
ThereIsNoGod's ghost is almost destroyed.
ThereIsNoGod's ghost barely misses you.
You hit ThereIsNoGod's ghost but do no damage.
ThereIsNoGod's ghost is severely damaged.
ThereIsNoGod's ghost hits you!
* * * LOW HITPOINT WARNING * * *
You hit ThereIsNoGod's ghost.
ThereIsNoGod's ghost is almost destroyed.
ThereIsNoGod's ghost hits you!
You die...

### ..# ### #.#
.. ...#.# #...
#.#.######.....
#?..W.........#
#..@###.##.#..#
#.....#####.##.#
##### #.......#
#.##.##.#..#
#......)#.....
####.##........
####.####.###..
#......# ... .
#.##.#.# ##


You could see ThereIsNoGod's ghost.

Vanquished Creatures
  Robin (D:2)
  An adder (D:3)
  3 worms
  4 dart slugs
  2 giant geckos
  2 ball pythons
  2 bats (D:1)
  2 giant cockroaches
  12 goblins
  8 hobgoblins
  2 jackals (D:1)
  A quokka (D:2)
  A giant newt (D:2)
  4 kobolds
  3 rats
48 creatures vanquished.

Notes
Turn   | Place    | Note
--------------------------------------------------------------
     0 | D:1      | atgrul the Demigod Fire Elementalist began the quest for the Orb.
     0 | D:1      | Reached XP level 1. HP: 14/14 MP: 5/5
   128 | D:1      | Reached skill level 3 in Fire Magic
   864 | D:1      | Reached XP level 2. HP: 20/20 MP: 4/7
  1812 | D:2      | Found a snail-covered altar of Cheibriados.
  1817 | D:2      | Found a burning altar of Makhleb.
  1849 | D:2      | Reached XP level 3. HP: 26/26 MP: 6/8
  1889 | D:2      | Reached skill level 4 in Fire Magic
  1928 | D:2      | Noticed Robin
  2094 | D:2      | Killed Robin
  2687 | D:3      | Reached XP level 4. HP: 28/33 MP: 4/9
  2799 | D:3      | Noticed an ogre
  3181 | D:3      | Noticed ThereIsNoGod's ghost (weakling MiFi)
  3199 | D:3      | HP: 1/33 [ThereIsNoGod's ghost (10)]
  3200 | D:3      | Mangled by ThereIsNoGod's ghost

Skill      XL: |  1  2  3 |
---------------+----------+-----
Fire Magic     | 3 4 |  4.7
Dodging        | |  1.7
Stealth        | |  1.7
Spellcasting   | |  1.7
Conjurations   | |  0.8

Action                   |  1- 3 |  4- 6 || total
-------------------------+-------+-------++-------
Melee: Unarmed           |    18 |       ||    18
       Short sword       |       |     9 ||     9
 Cast: Flame Tongue      |    85 |    20 ||   105
 Stab: Sleeping          |     1 |       ||     1
  Eat: Bread ration      |     1 |       ||     1
       Royal jelly       |     1 |       ||     1
       Meat ration       |       |     1 ||     1
Armor: Robe              |    13 |     3 ||    16
Dodge: Dodged            |    59 |     9 ||    68
